 Dungeon Crawl Stone Soup version 0.28.0-43-g3370ac3207 (webtiles) character file.

Game seed: 10054990419939549046

27 pkoi the Conjurer (level 2, -2/15 HPs)
             Began as a Deep Elf Conjurer on Mar 20, 2022.
             Slain by an orc
             ... wielding a +0 short sword
              (5 damage)
             ... on level 2 of the Dungeon.
             The game lasted 00:01:08 (933 turns).

pkoi the Conjurer (Deep Elf Conjurer)                Turns: 933, Time: 00:01:08

Health: -2/15      AC:  2    Str:  4    XL:     2   Next: 93%
Magic:  1/8        EV: 12    Int: 22    God:
Gold:   49         SH:  0    Dex: 13    Spells: 3/8 levels left

rFire   . . .      SeeInvis .   b - +1 short sword
rCold   . . .      Faith    .   (no shield)
rNeg    . . .      Spirit   .   a - +0 robe
rPois   .          Reflect  .   (no helmet)
rElec   .          Harm     .   (no cloak)
rCorr   .          Rampage  .   (no gloves)
Will    .....                   (no boots)
Stlth   ++........              (no amulet)
HPRegen 0.05/turn               (no ring)
MPRegen 0.11/turn               (no ring)

@: no status effects
A: no striking features
a: no special abilities


You were on level 2 of the Dungeon.
You visited 1 branch of the dungeon, and saw 2 of its levels.

You collected 49 gold pieces.

Inventory:

Hand Weapons
 b - a +1 short sword (weapon)
Armour
 a - a +0 robe (worn)
Scrolls
 e - a scroll of teleportation {unknown}
Potions
 c - a potion of magic {unknown}
 d - a potion of flight {unknown}


   Skills:
 - Level 2.4 Dodging
 - Level 2.4 Stealth
 + Level 3.5 Spellcasting
 * Level 5.0 Conjurations
 * Level 1.0 Translocations


You had 3 spell levels left.
You knew the following spells:

 Your Spells              Type           Power      Damage    Failure   Level
a - Magic Dart            Conj           100%       1d8       1%          1
b - Searing Ray           Conj           52%        2d6       2%          2
c - Blink                 Tloc           16%        N/A       12%         2

Your spell library contained the following spells:

 Spells                   Type           Power      Damage    Failure   Level
 Dazzling Flash           Conj/Hex       28%        N/A       13%         3
 Mephitic Cloud           Conj/Pois/Air  11%        N/A       19%         3
 Lesser Beckoning         Tloc           8%         N/A       22%         3
 Ignite Poison            Fire/Tmut/Pois 3%         N/A       34%         3
 Iskenderun's Mystic Bla  Conj/Tloc      17%        2d5       32%         4
 Fulminant Prism          Conj/Hex       7%         3d7       38%         4
 Iskenderun's Battlesphe  Conj           26%        2d8       38%         5
 Fireball                 Conj/Fire      7%         3d5       75%         5
 Freezing Cloud           Conj/Ice/Air   5%         6-21      86%         5
 Manifold Assault         Tloc           8%         N/A       91%         5
 Conjure Ball Lightning   Conj/Air       7%         3x3d6     100%        6
 Orb of Destruction       Conj           13%        9d7       100%        7


Dungeon Overview and Level Annotations

Branches:
Dungeon (2/15)

Altars:

Shops:
D:2 [


Message History

The endoplasm is lightly wounded.
The magic dart hits the endoplasm.
The endoplasm is heavily wounded.
The magic dart hits the endoplasm.
You kill the endoplasm!
Your Translocations skill increases to level 1!
You can't see any susceptible monsters within range! (Use Z to cast anyway.)
An orc comes into view. It is wielding a +0 short sword.
The orc shouts!
You hear a shout! x2
An orc priest comes into view. It is wielding a +0 short sword.
An orc comes into view. It is wielding a +0 war axe.
There are monsters nearby!
There are monsters nearby!
The magic dart hits the orc.
The orc is heavily wounded.
The magic dart hits the orc.
The orc is severely wounded.
The magic dart hits the orc!
You kill the orc!
Casting: Magic Dart (safe; 1% risk of failure)
Confirm with . or Enter, or press ? or * to list all spells.
Aiming: Searing Ray (safe; 2% risk of failure)
Press: ? - help, Shift-Dir - straight line, f - orc
Aim: an orc, wielding a +0 short sword and wearing a +0 ring mail (82% to hit)
The searing ray hits the orc.
The orc is moderately wounded. (Press . to maintain the ray.)
The searing ray hits the orc.
The orc is heavily wounded.
The searing ray hits the orc priest.
The orc priest is moderately wounded.
An orc comes into view. It is wielding a +0 whip.
The orc priest calls down the wrath of Beogh upon you.
Beogh smites you!
Ouch! That really hurt!
* * * LOW HITPOINT WARNING * * *
The searing ray misses the orc.
The searing ray hits the orc priest!
The orc priest is almost dead.
The orc hits you with a +0 short sword.
You die...

..# #.#.# #.#.# #.#.#
## #.#.# .#.# #.#.#
... ... #.#.###....
#.# #>#@o.o...#
#.##+##.....o.#.#
#........######
########.............#
.......#.........###.#
.................#
######.##........#
#<#########.#
######.######## .#


You could see an orc priest and 2 orcs.

Vanquished Creatures
  An orc (D:2)
  4 endoplasms
  A giant cockroach (D:1)
  2 hobgoblins (D:2)
  A quokka (D:1)
  9 ball pythons
  2 bats (D:1)
  2 frilled lizards
  3 kobolds
  2 rats
27 creatures vanquished.

Notes
Turn   | Place    | Note
-------+----------+-------------------------------------------
     0 | D:1      | pkoi the Deep Elf Conjurer began the quest for the Orb.
     0 | D:1      | Reached XP level 1. HP: 10/10 MP: 6/6
   274 | D:1      | Found a faded altar of an unknown god.
   279 | D:1      | Reached XP level 2. HP: 15/15 MP: 5/8
   322 | D:1      | Learned a level 2 spell: Searing Ray
   325 | D:1      | Learned a level 2 spell: Blink
   740 | D:2      | Found Cucae's Armour Shop.
   867 | D:2      | Reached skill level 5 in Conjurations
   900 | D:2      | Reached skill level 1 in Translocations
   933 | D:2      | Slain by an orc

Illustrated notes

Levels and vault maps discovered:
D:1:      scummos_arrival_hexagon, layout_basic,
          chequers_ecumenical_altar_simple_redux
D:2:      layout_basic, serial_shops, nicolae_shop_crystal,
          minmay_misc_feat_room

Skill      XL: |  1  2 |
---------------+-------+-----
Conjurations   | 5 |  5.0
Translocations | 1 |  1.0
Dodging        | |  2.4
Stealth        | |  2.4
Spellcasting   | |  3.5

Action                   || total
-------------------------++-------
Melee: Short sword       ||     1
 Cast: Magic Dart        ||    44
       Searing Ray       ||     1
  Use: Scroll            ||     1
Dodge: Dodged            ||     1
